Cogmind - Beta 13 @@@ ROGUE MODE // 2024.04.15 @ 14:23:12 Player: Skysub Result: Destroyed by D-53 Grenadier with Mini Grenade Launcher Performance ------------- Evolutions (0) 0 Regions Visited (2) 400 Robots Destroyed (16) 80 Value Destroyed (445) 445 Prototype IDs (2) 40 Alien Tech Used (0) 0 Bonus (0) 0 TOTAL SCORE: 965 Bonus ------- None Cogmind --------- Core Integrity 0/250 Matter 262/300 Energy 77/100 System Corruption 0% Temperature Cool (0) Movement Core (100) Ox1 Location -10/Mines Parts ------- > --- POWER (1) -------- (None) > --- PROPULSION (2) --- (None) > --- UTILITY (2) ------ Small Storage Unit Improved Targeting Computer > --- WEAPON (2) ------- Small Laser > --- INVENTORY (8) ---- Aluminum Leg Aluminum Leg Improved Terrain Scanner Improved Targeting Computer Mini Grenade Launcher Mini Grenade Launcher Peak State ------------ > --- POWER ------------ (None) > --- PROPULSION ------- Aluminum Leg Aluminum Leg > --- UTILITY ---------- Small Storage Unit Improved Targeting Computer > --- WEAPON ----------- Grenade Launcher Mini Grenade Launcher > --- INVENTORY -------- Improved Terrain Scanner Improved Targeting Computer Improved Targeting Computer Rocket Launcher Mini Grenade Launcher [Rating: 9] Favorites ----------- Power Ion Engine Engine Ion Engine Propulsion Aluminum Leg Leg Aluminum Leg Utility Small Storage Unit Device Seismic Detector Storage Small Storage Unit Processor Improved Targeting Computer Weapon Grenade Launcher Energy Gun Small Laser Ballistic Gun Light Assault Rifle Launcher Grenade Launcher Special Weapon Mining Laser Build | -11 -10 -10 ------- Run | Yrd Mat Min Slots Evolved . | . . . Power . | . . . Propulsion . | . . . Utility . | . . . Weapon . | . . . Parts Attached 17 | 7 4 6 Power 1 | 1 . . Engine 1 | 1 . . Core . | . . . Reactor . | . . . Propulsion 4 | 2 1 1 Treads . | . . . Leg 4 | 2 1 1 Wheel . | . . . Hover . | . . . Flight . | . . . Utility 4 | 2 . 2 Device 1 | 1 . . Storage 1 | 1 . . Processor 2 | . . 2 Hackware . | . . . Protection . | . . . Artifact . | . . . Weapon 8 | 2 3 3 Energy Gun 2 | . . 2 Energy Cannon . | . . . Ballistic Gun 2 | 2 . . Ballistic Cannon . | . . . Launcher 3 | . 2 1 Special Weapon 1 | . 1 . Impact Weapon . | . . . Slashing Weapon . | . . . Piercing Weapon . | . . . Special Melee Weapon . | . . . Unidentified Prototypes . | . . . Parts Lost 11 | . 6 5 Power 1 | . 1 . Propulsion 3 | . 1 2 Utility 2 | . 1 1 Weapon 5 | . 3 2 Highest Loss Streak 5 | . 4 5 To Critical Strikes . | . . . Average Slot Usage (%) 86 | . 89 83 Engine 5 | . 12 . Leg 27 | . 26 27 Device 4 | . 9 . Storage 14 | . 14 14 Processor 7 | . . 14 Energy Gun 3 | . . 7 Ballistic Gun 8 | . 19 . Launcher 13 | . 5 20 Naked Turns . | . . . Heaviest Build 14 | 14 14 12 Greatest Support 20 | 20 20 20 Greatest Overweight (x) 1 | . . 1 Average Overweight (x) . | . . . Largest Inventory Capacity 8 | 8 8 8 Average Capacity 7 | 7 8 8 Most Carried 8 | 2 7 8 Average Carried 5 | . 4 6 Final Capacity 8 | 8 8 8 Final Carried 6 | 2 5 6 Class Distribution -------------------- 100% | Mutant Dominant Class ---------------- Mutant | -10/Materials Mutant | -10/Mines Resources | -11 -10 -10 ----------- Run | Yrd Mat Min Matter Collected 631 | 300 183 148 Remotely . | . . . Salvage Created 494 | 77 316 101 Parts 39 | 11 22 6 Haulers Intercepted 2 | . 2 . Recyclers Shooed . | . . . Parts Field Recycled . | . . . Retrieved Matter . | . . . Parts Self-Destructed . | . . . Prevented . | . . . Kills | -11 -10 -10 ------- Run | Yrd Mat Min Combat Hostiles Destroyed 9 | . 5 4 Guns 3 | . 3 . Cannons 1 | . 1 . AOE 5 | . 1 4 Classes Destroyed 5 | 1 4 . Tunneler 3 | 3 . . Hauler 2 | . 2 . Recycler 1 | . 1 . Operator 1 | . 1 . Grunt 9 | . 5 4 Best Kill Streak 3 | 3 3 2 Combat Bots Only 3 | . 3 2 Max Kills in Single Turn 2 | 1 2 2 Gunslinging . | . . . Exploded 2 | . 1 2 Melee . | . . . Uniques/NPCs Destroyed . | . . . Combat | -11 -10 -10 -------- Run | Yrd Mat Min Hostile Shots Fired 77 | . 61 16 Missed 19 | . 16 3 Damage Taken 1126 | . 588 538 Core 262 | . 94 168 Absorbed by Shields . | . . . Core Remaining (%) 100 | 100 . . Volleys Fired 62 | 12 39 11 Largest 2 | 2 2 2 Hottest 100 | 40 100 70 Shots Fired 114 | 24 73 17 Gun 94 | 24 67 3 Cannon . | . . . Launcher 17 | . 3 14 Special 3 | . 3 . Kinetic 91 | 24 67 . Thermal 6 | . 3 3 Explosive 17 | . 3 14 Electromagnetic . | . . . Robot Hit Streak 16 | 6 16 4 Robot Miss Streak 3 | 3 3 1 Penetration Max . | . . . Secondary Targets 1 | . 1 . Max Gunslinging Chain 1 | . 1 . Shots Hit Robots 73 | 14 52 7 Core Hits 39 | 4 22 13 Critical Kills . | . . . Critical Parts Destroyed . | . . . Critical Strikes . | . . . Melee Attacks . | . . . Impact . | . . . Slashing . | . . . Piercing . | . . . Sneak Attacks . | . . . Combat Hostiles . | . . . Follow-up Attacks . | . . . Damage Inflicted 1293 | 140 734 419 Guns 684 | 140 521 23 Cannons . | . . . Explosions 560 | . 165 395 Melee . | . . . Ramming 1 | . . 1 Kinetic 661 | 140 521 . Thermal 71 | . 48 23 Explosive 560 | . 165 395 Electromagnetic . | . . . Impact . | . . . Slashing . | . . . Piercing . | . . . Highest Corruption . | . . . Average Corruption . | . . . Corruption Purged . | . . . Corruption Blocked . | . . . Overload Shots . | . . . Overflow Damage 26 | . 25 1 Projectiles . | . . . Explosions 26 | . 25 1 Melee . | . . . Knockbacks . | . . . Impact . | . . . Kinetic . | . . . Secondary . | . . . Self-Inflicted Damage 41 | . 41 . Shots 2 | . 2 . Rammed . | . . . Targets Rammed 1 | . . 1 Kicked 1 | . . 1 Crushed . | . . . Highest Temperature 96 | . 96 22 Average Temperature 21 | . 23 11 Received Heat Transfer 366 | . 309 57 Siege Activations . | . . . Robots Corrupted . | . . . Combat Hostiles . | . . . Parts Fried . | . . . Impact Corruptions . | . . . Robots Melted . | . . . Combat Hostiles . | . . . Parts Melted . | . . . Heat Transferred 150 | . 100 50 Parts Sabotaged . | . . . Parts Stolen . | . . . Parts Stripped . | . . . Power Chain Reactions . | . . . Alert | -11 -10 -10 ------- Run | Yrd Mat Min Peak Influence 254 | 15 192 254 Initial 74 | . 9 74 Average 119 | 5 101 158 Maximum Alert Level 1 | . . 1 Low Security (%) 80 | 100 100 59 Level 1 19 | . . 40 Level 2 . | . . . Level 3 . | . . . Level 4 . | . . . Level 5 . | . . . High Security . | . . . Max Security . | . . . Squads Dispatched 1 | . 1 . Investigation . | . . . Extermination . | . . . Reinforcement 1 | . 1 . Assault . | . . . Garrison . | . . . Intercept . | . . . Searches Triggered . | . . . Construction Impeded . | . . . Haulers Reinforced . | . . . Active Scanning Responses . | . . . Cargo Convoy Interrupts . | . . . Stealth | -11 -10 -10 --------- Run | Yrd Mat Min Distress Signals . | . . . Communications Jammed . | . . . Distress Signals . | . . . Times Spotted 13 | . 7 6 Peak Tracking Total 2 | . 2 2 Tactical Retreats . | . . . Traps | -11 -10 -10 ------- Run | Yrd Mat Min Traps Triggered . | . . . Indirectly . | . . . Trap Hack Attempts . | . . . Triggered . | . . . Disarmed . | . . . Reprogrammed . | . . . Reused . | . . . Traps Extracted . | . . . Installed . | . . . Triggered . | . . . Machines | -11 -10 -10 ---------- Run | Yrd Mat Min Machines Disabled 4 | . 2 2 Max in Single Turn 2 | . 2 1 Machines Repaired . | . . . Machines Dismantled . | . . . Machines Sabotaged . | . . . Overloaded Fab Kills . | . . . Hacking | -11 -10 -10 --------- Run | Yrd Mat Min Machines Accessed 3 | . 3 . Terminals 3 | . 3 . Fabricators . | . . . Repair Stations . | . . . Recycling Units . | . . . Scanalyzers . | . . . Garrison Access . | . . . Total Hacks 9 | . 9 . Successful 3 | . 3 . Failed 6 | . 6 . Catastrophic 1 | . 1 . Database Lockouts . | . . . Manual 3 | . 3 . Terminals 9 | . 9 . Fabricators . | . . . Repair Stations . | . . . Recycling Units . | . . . Scanalyzers . | . . . Garrison Access . | . . . Terminal Hacks 3 | . 3 . Prototype ID Bank 1 | . 1 . Level Access Points 1 | . 1 . Recall Investigation 1 | . 1 . Fabricator Hacks . | . . . Repair Station Hacks . | . . . Recycling Unit Hacks . | . . . Scanalyzer . | . . . Garrison Access Hacks . | . . . Unauthorized Hacks . | . . . Terminals . | . . . Fabricators . | . . . Repair Stations . | . . . Recycling Units . | . . . Scanalyzers . | . . . Garrison Access . | . . . Data Cores Recovered . | . . . Used . | . . . Hacking Detections 3 | . 3 . Full Trace Events . | . . . Feedback Events . | . . . Feedback Blocked . | . . . Robot Schematics Acquired . | . . . Robots Built . | . . . Authchips . | . . . Time . | . . . Total Robot Build Rating . | . . . Part Schematics Acquired . | . . . Parts Built . | . . . Authchips . | . . . Time . | . . . Total Part Build Rating . | . . . Parts Repaired . | . . . Time . | . . . Parts Recycled . | . . . Recycled Matter . | . . . Retrieved Matter . | . . . Retrieved Components . | . . . Parts Scanalyzed . | . . . Part Schematics Acquired . | . . . Parts Damaged . | . . . Bothacking | -11 -10 -10 ------------ Run | Yrd Mat Min Used RIF Installer . | . . . Robots Hacked . | . . . Non-combat . | . . . Combat . | . . . Robot Hacks Applied . | . . . Relay Couplers Released . | . . . Fabnet Peak Effective % . | . . . Robots Rewired . | . . . Allies Hacked . | . . . Hacks Repelled . | . . . Allies | -11 -10 -10 -------- Run | Yrd Mat Min Total Allies 3 | . . 3 Largest Group 3 | . . 3 Highest-Rated Group 40 | . . 40 Highest-Rated Ally 16 | . . 16 Total Orders . | . . . Ally Attacks 5 | . . 5 Total Damage 38 | . . 38 Kills . | . . . Allies Corrupted . | . . . Allies Melted . | . . . Intel | -11 -10 -10 ------- Run | Yrd Mat Min Robot Analysis Total . | . . . Derelict Logs Recovered 1 | . . 1 Drone Launches . | . . . Drone Recoveries . | . . . Exploration | -11 -10 -10 ------------- Run | Yrd Mat Min Turns Passed 874 | 92 353 429 Spaces Moved 553 | 42 189 322 Core 9 | 5 . 4 Treads . | . . . Legs 544 | 37 189 318 Wheels . | . . . Hover . | . . . Flight . | . . . Fastest Speed 50 | 50 120 100 Average Speed 119 | 111 120 119 Slowest Speed 120 | 120 120 120 Overloaded Moves . | . . . Propulsion Burnouts . | . . . Robots Hopped . | . . . Cave-ins Triggered . | . . . Exploration Rate (%) 34 | 4 31 69 Regions Visited 2 Branch Regions 1 Pre-discovered Areas 1 | . . 1 Known Exits Taken . | . . . Unknown Exits Taken 2 | 1 1 . Scrap Searched 1 | . . 1 Spaces Dug 25 | . . 25 Terrain Destroyed 104 | . 22 82 Melee . | . . . Projectile 1 | . 1 . AOE 103 | . 21 82 Terrain Rammed . | . . . Walls Destroyed . | . . . Machines Disabled . | . . . Actions | -11 -10 -10 --------- Run | Yrd Mat Min Total 652 | 62 242 348 Wait 10 | . 5 5 Move 551 | 41 188 322 Hop . | . . . Pick Up 11 | 2 6 3 Fast Attach 8 | 7 1 . Attach 6 | . 3 3 Detach . | . . . Swap 3 | . . 3 Drop . | . . . Fire 62 | 12 39 11 Melee . | . . . Ram . | . . . Kick 1 | . . 1 Crush . | . . . Escape Stasis . | . . . Rewire . | . . . Trap . | . . . Miscellaneous . | . . . Route ------- -11/Scrapyard -10/Materials (discovered 4 exits: *Mat x3 / [*Min]) -10/Mines (discovered 1 exit: *Mat) History --------- Turn | Location | Event 5 | -11/Scrapyard | Discovered new exit (range 15) 93 | -11/Scrapyard | Entered Materials 259 | -10/Materials | Discovered new exit (range 9) 303 | -10/Materials | Build established: Mutant 306 | -10/Materials | Identified exit to Materials 379 | -10/Materials | Lost 4 parts (1u3w) 446 | -10/Materials | Entered Mines 447 | -10/Mines | Learned location of Storage (-8) 460 | -10/Mines | Received a Rocket Launcher from a helpful Derelict 485 | -10/Mines | Met a Derelict bent on vengeance 562 | -10/Mines | Discovered exit to Materials (range 10) 622 | -10/Mines | Learned Materials trap positions 672 | -10/Mines | Core integrity fell below 50% 721 | -10/Mines | Assembled infested the area 818 | -10/Mines | Assisted by bots powering up and referring to "LRC-V3" 870 | -10/Mines | Core integrity fell below 20% 875 | -10/Mines | Destroyed by D-53 Grenadier with Mini Grenade Launcher Last Messages --------------- Trooper 1b destroyed. U-05 Engineer lays Concrete. Trooper 1a destroyed. Grenade Launcher destroyed. U-05 Engineer lays Concrete. U-05 Engineer builds a Wall. U-05 Engineer destroyed. Mercenary 1a destroyed. Aluminum Leg destroyed. Imp. Targeting Computer destroyed. U-05 Engineer lays Concrete. Rocket Launcher destroyed. U-05 Engineer lays Concrete. Aluminum Leg destroyed. U-05 Engineer lays Concrete. The unstable cave ceiling collapses. U-05 Engineer lays Concrete. D-53 Grenadier destroyed. U-05 Engineer lays Concrete. U-05 Engineer builds a Wall. Map ----- +----------------------------------------------------+ | ?????????????????????????????????????????????????? | | ?????????????????????????????????????????????????? | | ?????????????????????????????????????????????????? | | ?????????????????????????????????????????????????? | | ?????????????????????????????????????????????????? | | ?????????????????????????????????????????????????? | | ?????????????????????????????????????????????????? | | ?????????????????????????????????????????????????? | | ?????????????????????????????????????????????????? | | ?????????????????????????????????????????????????? | | ?????????????????????????????????????????????????? | | ?????????????????????????????????????????????????? | | ?????????????????????????????????????????????????? | | ???????????????????????????????#?????????????????? | | ????????????????????#####????? #?????????????????? | | ???????????????????## #???# ######????????##### | | ??????????????????## ??# ?????????# | | ?????????????????## ### # ????????## | | ?????????????????# % ?????????# " | | ?????????????????# ??????????## | | ?????????????????# # ##?????????# | | ?????????????????# # ??????????## = | | ?????#????????????# #???????????# ! | | ??? #????????????# $ #???????????# =# | | ??? #?????????????# d #????????????# # | | ??? ?????????????# @ ##????????????###### | | ??? ?????????????# ##????????????????# | | ???? ????????????## #???????????????## | | ???? #??????????## #???????????????# | | ???? ???????#### #???????????????# | | ????# ???????# #??############## | | ????# ???????# #??# | | ???## #???????# # ##??# ############# | | ???# ##??????# # #???# #???????????? | | ???# ??????## #???# ##??????????? | | ????# ??????# ## ##?### ####???????? | | ?????# #??????# #?## |%# ##??# #???????? | | ??????# ######## #??# u!###???# ###??????? | | ??????# ## #??## #????## #??????? | | ??????# ##### ## #???## #?????# #??????? | | #####?# #???# ## ###??## ##?????# # #??????? | | # #?# #???# ## #???# #?????### #??????? | | # ### #???# ## ##??# #?????# ##??????? | | # ## #??## #### #?????# # ###???????? | | # #### #?????# ###???????### | | ####### ##????????# | | ####### ##???????# | | ##?????## #### ## #????#### | | #???????## #??# ### ###### # | | #????????# ## ##??# #?## ## | +----------------------------------------------------+ Best States ------------- Heat Dissipation 25 Energy Generation 10 Energy Capacity 250 Matter Stores 300 Matter Capacity 300 Sight Range 16 Terrain Scan Density 10 Evasion (%) 55 Targeting Accuracy 6 Item Schematics ----------------- None Robot Schematics ------------------ None Fabricated ------------ Nothing Alien Tech Used ----------------- None Achievements -------------- None Challenges ------------ None Game ------ Seed SapperSmartbombArmor Manual? 0 Play Time 00:08:46 Cumulative 33.6 hours Start 2024.04.15 @ 14:14:51 End 2024.04.15 @ 14:23:12 Sessions 1 Manual Loads 0 Difficulty Rogue Special Mode None Game No. 24 Rogue 24 Adventurer 0 Explorer 0 Win Type - Total 0 Types 0/0/0/0/0/0/0/0/0 Lore% 21 Gallery% 37 Achievement% 28 Wizard Run 0 Options --------- Layout 1 ASCII 0 Keyboard 1 Movement Numpad Keybinds 0 Fullscreen 1 Font 32/SmallcapsGlow Map View 77x35 Zoom Use 0% Tactical HUD 0 Map Filters NONE Filters NONE Steam 1 RUN: 0e6a87db-8216-4e11-b6d5-e486c0ae25ba